 Dungeon Crawl Stone Soup version 0.30-a0-782-ge64f9170bb (webtiles) character file.

Game seed: 10488454651115157555

37451 Angani the Thaumaturge (level 13, -1/113 HPs)
             Began as a Purple Draconian Necromancer on Feb 28, 2023.
             Was an Initiate of Gozag.
             Slain by a large abomination (26 damage)
             ... on level 5 of the Lair of Beasts.
             The game lasted 00:47:00 (21467 turns).

Angani the Thaumaturge (DrNe)                      Turns: 21467, Time: 00:47:01

Health: -1/113     AC: 12    Str: 10    XL:     13   Next: 58%
Magic:  27/27      EV: 15    Int: 17    God:    Gozag
Gold:   1530       SH:  6    Dex: 16    Spells: 21/32 levels left

rFire   . . .      SeeInvis .    u - +3 long sword (flame)
rCold   + . .      Faith    .    b - +0 buckler
rNeg    . . .      Spirit   .    (body armour unavailable)
rPois   .          Reflect  .    (helmet restricted)
rElec   .          Harm     .    a - +1 cloak {rC+}
rCorr   .          Rampage  .    (no gloves)
Will    ++...                    f - +1 pair of boots
Stlth   ++++                     (no amulet)
HPRegen 0.38/turn                r - +4 ring of slaying
MPRegen 0.20/turn                s - ring of willpower

@: short of breath
A: breathe power, AC +8, unfitting armour, cold-blooded
a: Breathe Dispelling Energy, Renounce Religion, Potion Petition, Call Merchant,
Bribe Branch


You were on level 5 of the Lair of Beasts.
You worshipped Gozag.
Gozag was most pleased with you.
You visited 3 branches of the dungeon, and saw 17 of its levels.
You also visited: Ice Cave.

You collected 4600 gold pieces.
You paid 3070 gold pieces to Gozag.

Inventory:

Hand Weapons
 k - a +2 dagger of venom
 u - a +3 long sword of flaming (weapon)
Armour
 a - a +1 cloak of cold resistance (worn)
 b - a +0 buckler (worn)
 f - a +1 pair of boots (worn)
Jewellery
 r - a +4 ring of slaying (left hand)
 s - a ring of willpower (right hand)
 x - a ring of protection from fire
 z - a ring of see invisible
Wands
 v - a wand of quicksilver (5)
 A - a wand of roots (4)
 C - a wand of flame (7)
Scrolls
 e - 3 scrolls of brand weapon
 j - 8 scrolls of identify
 m - 4 scrolls of fog
 n - 2 scrolls of poison
 o - 2 scrolls of teleportation
 p - 6 scrolls of amnesia
 w - 3 scrolls of enchant weapon
 y - 2 scrolls of silence
 B - 2 scrolls of vulnerability
 F - a scroll of immolation
Potions
 c - 3 potions of brilliance
 d - 4 potions of attraction
 h - a potion of cancellation
 i - 5 potions of lignification
 l - 5 potions of mutation
 q - 5 potions of flight
 t - a potion of magic
 E - 3 potions of ambrosia
Miscellaneous
 g - a piece from Xom's chessboard (15/15)


   Skills:
 - Level 10.0 Fighting
 - Level 10.0 Short Blades
 + Level 7.1 Dodging
 + Level 7.5 Stealth
 + Level 7.4 Shields
 - Level 10.0 Spellcasting
 - Level 4.5 Hexes
 - Level 8.2 Necromancy
 - Level 10.0 Evocations


You had 21 spell levels left.
You knew the following spells:

 Your Spells              Type           Power      Damage    Failure   Level
a - Necrotise             Necr           100%       1d9       1%          1
b - Dispel Undead         Necr           36%        3d15      3%          4
c - Confusing Touch       Hex            24%        N/A       4%          3
d - Vampiric Draining     Necr           36%        2d8       1%          3

Your spell library contained the following spells:

 Spells                   Type           Power      Damage    Failure   Level
 Kiss of Death            Conj/Necr      88%        2d12      1%          1
 Ensorcelled Hibernation  Hex/Ice        32%        N/A       6%          2
 Anguish                  Hex/Necr       15%        N/A       8%          4
 Agony                    Necr           36%        N/A       10%         5
 Inner Flame              Hex/Fire       16%        N/A       12%         3
 Spider Form              Tmut/Pois      8%         N/A       30%         3
 Airstrike                Air            4%         2d(1-17)  71%         4
 Flame Wave               Conj/Fire      8%         2d5       71%         4
 Sticky Flame             Conj/Fire      8%         2d3       71%         4
 Summon Lightning Spire   Summ/Air       8%         N/A       71%         4
 Lightning Bolt           Conj/Air       4%         1d15      96%         5
 Animate Dead             Necr           Unusable   N/A       N/A         4

Dungeon Overview and Level Annotations

Branches:
Dungeon (11/15)            Temple (1/1) D:7            Lair (5/5) D:11
 Shoals (0/4) Lair:3       Spider (0/4) Lair:3          Orc (0/2) D:10
  IceCv (visited)
  Slime: Lair:4-5

Altars:
Cheibriados
Fedhas
Gozag
Hepliaklqana
Makhleb
Okawaru
Ru
Wu Jian
Xom

Shops:
D:10 :

Annotations:
D:8 Gastronok
D:10 exclusion: door


Innate Abilities, Weirdness & Mutations

You can breathe bolts of dispelling energy.
Your rich purple scales are hard. (AC +8)
You cannot fit into any form of body armour.
You are cold-blooded and may be slowed by cold attacks.


Message History

You slash the large abomination! You burn the large abomination.
You destroy the large abomination!
You have got your breath back.
You hit the large abomination. You burn the large abomination.
Your tail-slap misses the large abomination.
The large abomination is lightly damaged.
The large abomination barely misses you.
You hit the large abomination. You burn the large abomination.
The large abomination is lightly damaged.
The large abomination hits you but does no damage.
You hit the large abomination but do no damage.
The large abomination is lightly damaged.
You slash the large abomination! You burn the large abomination.
The large abomination is moderately damaged.
The large abomination barely misses you.
You hit the large abomination but do no damage.
The large abomination is moderately damaged.
The large abomination hits you but does no damage.
You hit the large abomination. You burn the large abomination.
The large abomination is heavily damaged.
The large abomination hits you!!
* * * LOW HITPOINT WARNING * * *
You hear a roar!
Aiming: Breathe Dispelling Energy (2% risk of failure)
Press: ? - help, Shift-Dir - straight line, f - large abomination
Aim: a large abomination (heavily damaged, 86% to hit)
You breathe a bolt of dispelling energy.
The bolt of dispelling energy hits the large abomination.
The large abomination is heavily damaged.
You hear a roar!
The large abomination misses you.
You barely miss the large abomination. You tail-slap the large abomination.
The large abomination is heavily damaged.
The large abomination misses you.
You slash the large abomination! You burn the large abomination.
Your tail-slap misses the large abomination.
The large abomination is almost destroyed.
The large abomination hits you!!
You die...
Your body crumbles into a pile of gold.

♣♣♣..♣ ........#.# ♣..♣♣
..........# $ ♣♣..♣♣
...#......# ♣♣..♣ ♣.####.....
♣ ♣♣♣♣$.♣ #♣ #.....
?..♣♣♣.♣..♣♣ ### #....# ♣
♣.....$.♣♣ ♣.###...#. ..
♣♣♣♣♣.X♣♣ ♣.#.#..### .F.♣
♣♣.@♣♣♣♣♣ ♣......... .....
♣♣♣♣.......♣♣♣.........
♣.....♣♣.....$............###.
♣)$$..♣♣..♣♣♣♣......♣### #
♣♣♣♣♣♣♣♣♣♣♣ ♣♣♣♣♣♣#♣


You could see a large abomination.

Vanquished Creatures
  4 hydras
  2 boulder beetles
  11 elephants
  3 black mambas
  2 ice statues (IceCv)
  8 cane toads
  Maggie (D:6)
  An anaconda simulacrum (IceCv)
  8 komodo dragons
  3 rime drakes
  6 ice devils (IceCv)
  A freezing wraith (IceCv)
  3 polar bears
  2 trolls (D:9)
  A hornet (D:8)
  Grinder (D:3)
  26 blink frogs
  A large abomination (Lair:5)
  A jumping spider (Lair:3)
  A snapping turtle (Lair:3)
  2 spriggans (Lair:5)
  A small abomination (Lair:5)
  A wraith (D:10)
  2 dire elephant simulacra (IceCv)
  2 ynoxinuls (Lair:5)
  33 yaks
  A wyvern (Lair:4)
  A basilisk (Lair:4)
  A hog (D:7)
  A redback (Lair:3)
  Grum (D:9)
  A steam dragon (D:6)
  A chaos spawn (Lair:5)
  2 death yak simulacra (IceCv)
  12 water moccasins
  3 orc warriors
  3 ogres
  A sky beast (D:8)
  2 black bears (D:7)
  20 wolves
  5 centaurs
  3 kobold brigands
  3 necrophages
  A gnoll sergeant (D:8)
  10 bullfrogs
  A two-headed ogre simulacrum (IceCv)
  4 scorpions
  An elephant simulacrum (IceCv)
  3 electric eels
  A crimson imp (Lair:1)
  3 hounds
  2 jellies
  A gnoll bouda (D:4)
  6 orc priests
  4 iguanas
  Crazy Yiuf (D:4)
  Jessica (D:2)
  22 orc wizards
  Natasha (thrice) (D:3)
  2 polar bear simulacra (IceCv)
  3 spriggan simulacra (IceCv)
  A troll simulacrum (IceCv)
  18 gnolls
  3 naga simulacra (IceCv)
  8 adders
  A shadow imp (D:6)
  13 white imps
  3 ufetubi
  2 worms
  11 dart slugs
  39 orcs
  10 endoplasms
  3 giant cockroaches
  7 goblins
  3 hobgoblins
  11 jackals
  2 quokkas
  5 ball pythons
  9 bats
  2 frilled lizards (D:1)
  18 kobolds
  11 rats
437 creatures vanquished.

Vanquished Creatures (others)
  27 fungi
  34 plants
61 creatures vanquished.

Grand Total: 498 creatures vanquished

Notes
Turn   | Place    | Note
-------+----------+-------------------------------------------
     0 | D:1      | Angani the Draconian Necromancer began the quest for the
                  | Orb.
     0 | D:1      | Reached XP level 1. HP: 14/14 MP: 3/3
   183 | D:1      | Found a faded altar of an unknown god.
   186 | D:1      | Prayed at the altar of an unknown god.
   186 | D:1      | Became a worshipper of Gozag Ym Sagoz the Greedy
   370 | D:1      | Reached XP level 2. HP: 20/20 MP: 1/5
   464 | D:1      | Reached skill level 1 in Shields
  1282 | D:2      | Reached XP level 3. HP: 26/26 MP: 6/6
  1736 | D:2      | Noticed Jessica
  1739 | D:2      | Reached XP level 4. HP: 32/33 MP: 7/7
  1740 | D:2      | Killed Jessica
  1760 | D:2      | Learned a level 4 spell: Dispel Undead
  2399 | D:3      | Noticed Natasha
  2409 | D:3      | Killed Natasha
  2410 | D:3      | Reached XP level 5. HP: 25/38 MP: 8/8
  2420 | D:3      | Noticed Natasha
  2433 | D:3      | Killed Natasha
  2490 | D:3      | Noticed Natasha
  2503 | D:3      | Killed Natasha
  2594 | D:3      | Noticed Grinder
  2648 | D:4      | Reached XP level 6. HP: 38/45 MP: 9/9
  3189 | D:4      | Your scales start taking on a rich purple colour.
  3189 | D:4      | Reached XP level 7. HP: 47/50 MP: 10/10
  3662 | D:4      | Found a runed translucent door.
  3663 | D:4      | Noticed Crazy Yiuf
  3670 | D:4      | Killed Crazy Yiuf
  3778 | D:5      | Entered Level 5 of the Dungeon
  3854 | D:5      | Reached skill level 5 in Stealth
  3989 | D:5      | Found a burning altar of Makhleb.
  4004 | D:5      | Reached skill level 5 in Dodging
  4004 | D:5      | Reached skill level 5 in Shields
  4010 | D:5      | Reached skill level 1 in Fighting
  4010 | D:5      | Reached skill level 1 in Short Blades
  4137 | D:5      | Reached XP level 8. HP: 56/62 MP: 11/11
  4942 | D:6      | Reached skill level 5 in Fighting
  5054 | D:6      | Reached skill level 5 in Short Blades
  5054 | D:6      | Reached skill level 1 in Evocations
  5184 | D:6      | Noticed Maggie
  5213 | D:6      | Killed Maggie
  5214 | D:6      | Reached XP level 9. HP: 59/74 MP: 12/14
  5455 | D:6      | Reached skill level 5 in Necromancy
  5455 | D:6      | Found an opulent altar of Gozag.
  5585 | D:6      | Found a snail-covered altar of Cheibriados.
  5696 | D:6      | Identified the +1 hand axe "Sobbuo" {freeze, Dex+3}
  5959 | D:7      | Found a staircase to the Ecumenical Temple.
  5963 | Temple   | Entered the Ecumenical Temple
  6466 | D:7      | Reached skill level 5 in Spellcasting
  6660 | D:7      | Noticed Joseph
  6665 | D:7      | Joseph changed into Joseph the hog
  6665 | D:7      | Noticed Joseph
  6671 | D:7      | Killed Joseph the hog
  6685 | D:7      | Reached skill level 5 in Evocations
  6905 | D:7      | Learned a level 3 spell: Confusing Touch
  7044 | D:3      | Killed Grinder
  7531 | D:8      | Reached XP level 10. HP: 81/81 MP: 19/19
  7844 | D:8      | Noticed Gastronok
  8685 | D:9      | Noticed Grum
  9724 | D:9      | Found a blossoming altar of Fedhas.
  9878 | D:9      | Killed Grum
  9879 | D:9      | Reached skill level 1 in Hexes
  9913 | D:10     | Entered Level 10 of the Dungeon
 10027 | D:10     | Found Vusyusyahe's Book Boutique.
 10117 | D:10     | Reached XP level 11. HP: 66/86 MP: 23/23
 10238 | D:10     | Found an ornate altar of the Wu Jian Council.
 10610 | D:10     | Found a shimmering altar of Xom.
 10672 | D:10     | Found a staircase to the Orcish Mines.
 10760 | D:11     | Found a staircase to the Lair.
 10764 | Lair:1   | Entered Level 1 of the Lair of Beasts
 11119 | Lair:1   | Found a frozen archway.
 11234 | IceCv    | Entered an ice cave
 12224 | IceCv    | Reached skill level 10 in Spellcasting
 12280 | IceCv    | Noticed a reaper
 12593 | Lair:1   | Reached skill level 10 in Evocations
 14083 | Lair:2   | Reached XP level 12. HP: 62/97 MP: 26/26
 14459 | Lair:2   | Noticed a boulder beetle
 14496 | Lair:2   | Killed a boulder beetle
 16040 | Lair:2   | Learned a level 3 spell: Vampiric Draining
 17094 | Lair:3   | Found a hole to the Spider Nest.
 17961 | Lair:3   | Reached skill level 10 in Fighting
 18042 | Lair:3   | Found a staircase to the Shoals.
 18311 | Lair:4   | Noticed a five-headed hydra
 18311 | Lair:4   | Noticed a four-headed hydra
 18579 | Lair:4   | Killed a one-headed hydra
 18580 | Lair:4   | Reached skill level 10 in Short Blades
 18618 | Lair:4   | Killed a one-headed hydra
 18834 | Lair:4   | Reached XP level 13. HP: 100/113 MP: 13/27
 19542 | Lair:5   | Entered Level 5 of the Lair of Beasts
 21467 | Lair:5   | Slain by a large abomination

Illustrated notes

Levels and vault maps discovered:
D:1:      minmay_arrival_loop, layout_loops_ring,
          hellmonk_ecumenical_altar_inner_sanctum, reono_crystal_passage,
          due_unseen_surprise
D:2:      layout_rooms, minmay_rat_gold_closets, uniq_jessica
D:3:      layout_basic, uniq_grinder, uniq_natasha
D:4:      layout_basic, small_statue_intersection, uniq_crazy_yiuf_cottage
D:5:      kennysheep_slugbush, layout_loops_ring, mainiacjoe_overflow_brackets
D:6:      layout_cave_pools, nicolae_overflow_squiral, uniq_maggie
D:7:      minmay_evil_eye, layout_cave_pools, minmay_temple_entry_slanted,
          serial_column_ruins, column_ruins_hut, column_ruins_grid_4,
          column_ruins_open_tiny, column_ruins_open_tiny, column_ruins_grid_1,
          column_ruins_corridor_corner, chequers_serial_rivers_micro_b,
          uniq_joseph
D:8:      layout_gridville, uniq_gastronok
D:9:      layout_basic, fedhas_altar_fruit_tree, kennysheep_flooded_box,
          uniq_grum
D:10:     layout_basic, mainiacjoe_overflow_concentric_impassable,
          nicolae_wu_jian_wuxing_cycle, minmay_orc_entry_temple_large,
          serial_shops, nicolae_shop_hallway_plus
D:11:     layout_basic, lair_entry_dummy, nicolae_titane
Temple:   nicolae_temple_elliptical
Lair:1:   layout_layer_cave, portal_ice_cave_entry_imps
Lair:2:   layout_long_grid, serial_rivers, chequers_serial_rivers_micro_a,
          chequers_serial_rivers_micro_b, chequers_serial_rivers_large_b,
          chequers_serial_rivers_large_a, chequers_serial_rivers_small_3,
          chequers_serial_rivers_marsh, serial_bayou_shore_b
Lair:3:   layout_regular_city, minmay_shoals_entry_hut, spider_nest_entry_a,
          lemuel_fruit_tree, serial_bayou_shore_a, grunt_megastairs_4
Lair:4:   layout_roguey
Lair:5:   hellmonk_lair_end_abyssal_woods, layout_small_grid, slime_entry_1,
          st_stairs_10, chequers_serial_rivers_small_3,
          grunt_forest_small_clearing_treed

Skill      XL: |  1  2  3  4  5  6  7  8  9 10 11 12 13 |
---------------+----------------------------------------+-----
Stealth        | 2 3 4 5 7 |  7.5
Dodging        | 2 3 4 5 7 |  7.1
Shields        | 1 2 3 4 5 7 |  7.4
Fighting       | 2 5 6 10 | 10.0
Short Blades   | 2 5 6 10 | 10.0
Evocations     | 2 5 8 10 | 10.0
Spellcasting   | 3 6 8 10 | 10.0
Necromancy     | 6 8 |  8.2
Hexes          | 2 4 |  4.5

Action                     |  1- 3 |  4- 6 |  7- 9 | 10-12 | 13-15 || total
---------------------------+-------+-------+-------+-------+-------++-------
  Melee: Unarmed           |    20 |     9 |       |       |       ||    29
         Dagger            |    62 |   119 |   388 |   668 |   190 ||  1427
         Spear             |     2 |       |       |       |       ||     2
         Tailslap          |     8 |    11 |    62 |   161 |    56 ||   298
         Long sword        |       |       |       |    78 |    86 ||   164
   Cast: Necrotise         |    28 |       |    10 |    36 |       ||    74
         Dispel Undead     |       |       |       |    27 |       ||    27
         Confusing Touch   |       |       |       |     6 |     1 ||     7
         Vampiric Draining |       |       |       |    44 |    58 ||   102
 Invoke: Potion Petition   |       |       |       |     6 |       ||     6
Ability: Breathe Dispellin |       |       |    14 |    27 |     8 ||    49
  Evoke: Wand              |       |    16 |    39 |    35 |       ||    90
    Use: Scroll            |       |     8 |     8 |     8 |     1 ||    25
         Potion            |       |     4 |     4 |    18 |     1 ||    27
   Stab: Distracted        |     1 |     2 |     1 |     6 |     1 ||    11
         Sleeping          |     6 |     3 |    12 |     8 |     5 ||    34
         Invisible         |       |       |       |     4 |       ||     4
         Confused          |       |       |       |     3 |     2 ||     5
 Armour: Skin              |    44 |    39 |   150 |   226 |   112 ||   571
  Dodge: Dodged            |    52 |    62 |   194 |   440 |   203 ||   951
  Block: Buckler           |    12 |    18 |    69 |   178 |    98 ||   375

Table legend: (Time is in decaauts)
 A = Elapsed time spent in this place.
 B = Non-inter-level travel time spent in this place.
 C = Inter-level travel time spent in this place.
 D = Time resting spent in this place.
 E = Time spent auto-exploring this place.
 F = Levels seen in this place.
 G = Mean time per level.
                   A        B        C        D        E       F      G
               +--------+--------+--------+--------+--------+-----+--------+
         Total |  21214 |  20524 |    690 |   5081 |  10961 |  18 | 1178.6 |
       Dungeon |  10460 |  10003 |    457 |   1501 |   6221 |  11 |  950.9 |
        Temple |    219 |    219 |      0 |    181 |      0 |   1 |  219.0 |
          Lair |   9475 |   9243 |    232 |   2803 |   4740 |   5 | 1895.0 |
      Ice Cave |   1059 |   1059 |      0 |    595 |      0 |   1 | 1059.0 |
               +--------+--------+--------+--------+--------+-----+--------+

Top non-repeatable levels by time:
  Lair:2: 2488 daAuts
  Lair:1: 2138 daAuts
  Lair:4: 2122 daAuts
  Lair:3: 1693 daAuts
     D:9: 1274 daAuts
     D:1: 1218 daAuts
     D:4: 1184 daAuts
     D:8: 1142 daAuts
     D:6: 1140 daAuts
   IceCv: 1059 daAuts
  Lair:5: 1032 daAuts
     D:3: 1020 daAuts
     D:5: 1007 daAuts
     D:7: 835 daAuts
    D:10: 834 daAuts
